AoeStats
← Marco Aurelio

QS Arena

503582002Analyzed
2v2 RM · 2mo ago on Sep 1, 2026· 48m 6s· 4 players
Game mode
Random Map
Map size
Medium (4 player)
Population
200
Speed
Normal
Resources
Standard
Victory
Conquest
Starting age
Dark Age
Ending age
Imperial Age
RankedLock teamsTeams togetherTeam positionsShared explorationLock speedFull tech treeHidden civsTurbo modeCheats
Victory
Defeat
🇦🇷 Armenians · Argentina
1080
+18
🇩🇪 Franks · Germany
1068
+19
vs
🇦🇺 Khmer · Australia
1129
-19
🇦🇺 Magyars · Australia
1128
-18
zeromaster
10:00 Feudal Age
8:52 Loom
11:26 Double-Bit Axe
15:02 Castle Age
16:31 Bow Saw
19:56 Loom
22:01 Gold Mining
24:33 Wheelbarrow
25:57 Hand Cart
27:05 Husbandry
26:25 Light Cavalry
29:50 Imperial Age
28:17 Husbandry
27:37 Light Cavalry
30:12 Scale Barding Armor
30:17 Forging
31:16 Gold Shaft Mining
30:35 Stone Mining
30:32 Loom
32:28 Chemistry
31:51 Ballistics
31:37 Siege Engineers
31:38 Heavy Scorpion
32:41 Chain Barding Armor
32:56 Iron Casting
33:36 Cavalier
35:50 Plate Barding Armor
36:15 Blast Furnace
37:51 Paladin
47:17 Caravan
Marco Aurelio
8:29 Feudal Age
12:29 Castle Age
11:59 Man-at-Arms
12:42 Double-Bit Axe
13:50 Forging
15:54 Long Swordsman
17:34 Iron Casting
18:26 Arson
20:23 Bow Saw
20:38 Town Watch
24:20 Horse Collar
24:32 Gold Mining
26:26 Scale Mail Armor
25:54 Two-Handed Swordsman
29:23 Wheelbarrow
28:35 Loom
29:47 Squires
30:22 Stone Mining
31:56 Hand Cart
32:23 Gold Shaft Mining
35:57 Imperial Age
34:50 Fletching
35:24 Redemption
35:34 Padded Archer Armor
36:10 Town Patrol
37:14 Conscription
37:49 Bodkin Arrow
37:40 Onager
38:35 Bracer
39:47 Fereters
40:14 Capped Ram
41:08 Siege Ram
44:28 Blast Furnace
45:30 Champion
46:47 Leather Archer Armor
48:46 Ring Archer Armor
48:39 Ballistics
mc394
7:17 Feudal Age
13:38 Castle Age
12:00 Double-Bit Axe
12:34 Gold Mining
13:21 Stone Mining
15:38 Bow Saw
25:24 Gold Shaft Mining
25:49 Wheelbarrow
34:09 Imperial Age
34:05 Ballistics
35:16 Double Crossbow
38:02 Heavy Scorpion
39:32 Siege Engineers
41:58 Chemistry
reeree
3:29 Loom
9:11 Feudal Age
13:57 Castle Age
14:11 Double-Bit Axe
14:07 Horse Collar
14:54 Fletching
22:50 Treadmill Crane
27:25 Wheelbarrow
26:38 Town Watch
26:55 Heavy Plow
28:25 Scale Barding Armor
29:23 Hand Cart
29:47 Gold Mining
30:13 Bow Saw
30:07 Corvinian Army
31:33 Bodkin Arrow
31:39 Padded Archer Armor
32:03 Chain Barding Armor
32:24 Gold Shaft Mining
31:40 Stone Mining
32:26 Ballistics
32:17 Thumb Ring
33:50 Bloodlines
33:42 Husbandry
34:04 Leather Archer Armor
33:30 Pikeman
34:13 Scale Mail Armor
37:41 Imperial Age
Connection lost

Rejoining the realm…

Still unreachable

The connection could not be restored.

Session expired

The server has moved on; the page needs a fresh start.